 Dungeon Crawl Stone Soup version 0.31-a0-1528-g0d58f7c (webtiles) character file.

Game seed: 6805311419302258727

1031 wavewave1 the Cudgeller (level 8, -1/61 (70) HPs)
             Began as a Minotaur Berserker on Dec 30, 2023.
             Was a Priest of Trog.
             Slain by an orc warrior
             ... wielding a +0 flail of draining
              (2 damage)
             ... on level 6 of the Dungeon.
             The game lasted 00:10:58 (3845 turns).

wavewave1 the Cudgeller (Minotaur Berserker)        Turns: 3845, Time: 00:10:59

HP:   -1/61 (70)    AC:  2    Str: 25    XL:     8   Next: 3%
MP:   7/7           EV: 12    Int:  4    God:    Trog [***...]
Gold: 326           SH:  0    Dex:  9    Spells: 7/7 levels left

rFire   + . .        p - +1 flail (heavy)
rCold   x . .        (no shield)
rNeg    . . .        b - +0 animal skin
rPois   .            (helmet restricted)
rElec   .            (no cloak)
rCorr   .            (no gloves)
SInv    .            (no boots)
Will    .....        (no amulet)
Stlth   ++           l - ring of fire
HPRegen 0.30/turn    (no ring)
MPRegen 0.10/turn

%: no passive effects
@: heavily drained
A: horns 2, retaliatory headbutt
a: Renounce Religion, Berserk, Trog's Hand


You were on level 6 of the Dungeon.
You worshipped Trog.
Trog was most pleased with you.
You visited 1 branch of the dungeon, and saw 6 of its levels.

You collected 326 gold pieces.

Inventory:

Hand Weapons
 a - a +0 mace
 p - a +1 heavy flail (weapon)
 r - a +2 short sword of electrocution
Armour
 b - a +0 animal skin (worn)
 q - a +0 plate armour
Jewellery
 l - a ring of fire (left hand)
Wands
 u - a wand of flame (15)
Scrolls
 d - a scroll of vulnerability {unknown}
 e - 5 scrolls of teleportation {unknown}
 h - a scroll of blinking {unknown}
 j - 6 scrolls of identify {unknown}
 m - a scroll of enchant armour {unknown}
 n - 2 scrolls of enchant weapon {unknown}
 w - 3 scrolls of revelation {unknown}
Potions
 c - 5 potions of curing {unknown}
 f - 2 potions of berserk rage {unknown}
 g - a potion of brilliance {unknown}
 i - 2 potions of mutation {unknown}
 k - 2 potions of lignification {unknown}
 o - a potion of enlightenment {unknown}
 s - a potion of degeneration {unknown}
 t - a potion of resistance {unknown}
 v - a potion of attraction {unknown}


   Skills:
 + Level 6.1 Fighting
 - Level 3.4(5.7) Axes
 + Level 7.1(7.5) Maces & Flails
 + Level 2.7 Armour
 + Level 4.0 Dodging
 + Level 4.1 Stealth


You had 7 spell levels left.
You didn't know any spells.
Your spell library was empty.

Dungeon Overview and Level Annotations

Branches:
Dungeon (6/15)
 Temple: D:4-7

Altars:
Dithmenos
Trog


Innate Abilities, Weirdness & Mutations

You have a pair of horns on your head.
You reflexively headbutt those who attack you in melee.


Message History

The orc warrior closely misses you. The bullfrog closely misses you.
You furiously retaliate!
You headbutt the bullfrog!
You kill the bullfrog!
Trog accepts your kill.
Your Stealth skill increases to level 4!
You have reached level 8!
You feel stronger.
You barely miss the orc priest.
The orc priest is heavily wounded.
The orc priest misses you.
The orc warrior hits you with a +0 flail of draining!
You feel drained.
The orc priest calls down the wrath of Beogh upon you.
Pain shoots through your body! The orc warrior barely misses you.
You barely miss the orc priest.
The orc priest is heavily wounded.
The orc priest hits you with a +0 dagger.
The orc warrior barely misses you.
You sock the orc priest!
You kill the orc priest!
Trog accepts your kill.
The orc warrior hits you with a +0 flail of draining.
You feel drained. The orc warrior misses you. You furiously retaliate!
You headbutt the orc warrior!
Your Dodging skill increases to level 4!
You hit the orc warrior. You headbutt the orc warrior.
The orc warrior is heavily wounded.
The orc warrior hits you with a +0 flail of draining!
You feel drained.
* * * LOW HITPOINT WARNING * * *
You hit the orc warrior but do no damage.
The orc warrior is heavily wounded.
The orc warrior hits you with a +0 flail of draining.
* * * LOW HITPOINT WARNING * * *
You feel drained.
* * * LOW HITPOINT WARNING * * *
The orc warrior hits you with a +0 flail of draining!
* * * LOW HITPOINT WARNING * * *
You feel drained.
You die...

###.####...#
....#.##.###
...........+
.........###
....#......# ...
#..#...#### .
#...........
#...<.......
#@...#.......
......)o†.....#.#..
...##.........#....
...).........(#
..........###.
..............
##.....#.......
#..... .......


You could see an orc warrior.

Vanquished Creatures
  Sigmund (D:4)
  Edmund (D:4)
  A water moccasin (D:5)
  An ogre (D:5)
  A bullfrog (D:6)
  3 scorpions
  A howler monkey (D:6)
  2 bombardier beetles
  An orc priest (D:6)
  9 adders
  A shadow imp (D:5)
  13 orcs
  6 endoplasms
  6 giant cockroaches
  2 goblins
  10 hobgoblins
  2 jackals (D:1)
  13 kobolds
  3 quokkas
  14 ball pythons
  7 bats
  3 frilled lizards
  5 rats (D:1)
106 creatures vanquished.

Notes
Turn   | Place    | Note
-------+----------+-------------------------------------------
     0 | D:1      | wavewave1 the Minotaur Berserker began the quest for the
                  | Orb.
     0 | D:1      | Reached XP level 1. HP: 19/19 MP: 0/0
   214 | D:1      | Reached skill level 4 in Maces & Flails
   214 | D:1      | Reached XP level 2. HP: 25/27 MP: 1/1
   495 | D:1      | Reached ** piety under Trog
   717 | D:2      | Reached XP level 3. HP: 33/33 MP: 2/2
  1516 | D:3      | Found a bloodstained altar of Trog.
  1543 | D:3      | Reached XP level 4. HP: 41/41 MP: 3/3
  1742 | D:3      | Reached skill level 5 in Maces & Flails
  1897 | D:3      | Reached *** piety under Trog
  1989 | D:3      | Reached skill level 1 in Axes
  1996 | D:3      | Reached XP level 5. HP: 47/47 MP: 4/4
  2003 | D:3      | Reached skill level 1 in Stealth
  2277 | D:4      | Noticed Edmund
  2338 | D:4      | Noticed Sigmund
  2346 | D:4      | Killed Sigmund
  2347 | D:4      | Reached skill level 5 in Fighting
  2347 | D:4      | Reached XP level 6. HP: 54/56 MP: 5/5
  2467 | D:4      | Killed Edmund
  2468 | D:4      | Reached skill level 6 in Maces & Flails
  2509 | D:4      | Reached XP level 7. HP: 60/61 MP: 6/6
  2801 | D:5      | Entered Level 5 of the Dungeon
  3208 | D:5      | Found a shadowy altar of Dithmenos.
  3738 | D:6      | Reached skill level 7 in Maces & Flails
  3841 | D:6      | Reached XP level 8. HP: 53/70 MP: 7/7
  3845 | D:6      | HP: 1/63 [orc warrior/+0 flail of draining (12)]
  3845 | D:6      | Slain by an orc warrior

Illustrated notes

Levels and vault maps discovered:
D:1:      tarquinn_simple_flora_water_b, layout_basic, minmay_quantized
D:2:      layout_loops_ring
D:3:      layout_basic, overflow_temple_1_default, minmay_snake_closets
D:4:      layout_rooms, uniq_sigmund, uniq_edmund
D:5:      layout_loops_ring, grunt_dithmenos_shadows
D:6:      layout_basic, okawaru_metal_pillars_1_2, temple_green,
          hangedman_abyss_or_decor_passed, lightli_church_of_beogh

Skill      XL: |  1  2  3  4  5  6  7  8 |
---------------+-------------------------+-----
Maces & Flails | 4 5 6 7 |  7.1
Fighting       | 4 5 6 |  6.1
Axes           | 1 2 3 |  3.4
Stealth        | 1 2 4 |  4.1
Dodging        | 3 4 |  4.0
Armour         | |  2.7

Action                     |  1- 3 |  4- 6 |  7- 9 || total
---------------------------+-------+-------+-------++-------
  Melee: Mace              |    94 |    15 |       ||   109
         Headbutt          |    11 |     8 |     5 ||    24
         Hand axe          |       |    37 |       ||    37
         Flail             |       |     6 |    28 ||    34
 Invoke: Berserk           |       |     2 |     1 ||     3
   Stab: Sleeping          |     2 |     5 |     4 ||    11
 Armour: Animal skin       |    54 |    27 |    23 ||   104
  Dodge: Dodged            |    65 |    50 |    19 ||   134

Table legend: (Time is in decaauts)
 A = Elapsed time spent in this place.
 B = Non-inter-level travel time spent in this place.
 C = Inter-level travel time spent in this place.
 D = Time resting spent in this place.
 E = Time spent auto-exploring this place.
 F = Levels seen in this place.
 G = Mean time per level.
                   A        B        C        D        E       F      G
               +--------+--------+--------+--------+--------+-----+--------+
         Total |   3935 |   3752 |    183 |     71 |   3086 |   6 |  655.8 |
       Dungeon |   3935 |   3752 |    183 |     71 |   3086 |   6 |  655.8 |
               +--------+--------+--------+--------+--------+-----+--------+

Top non-repeatable levels by time:
     D:5: 931 daAuts
     D:3: 872 daAuts
     D:1: 717 daAuts
     D:2: 696 daAuts
     D:4: 579 daAuts
     D:6: 137 daAuts
